 Dungeon Crawl Stone Soup version 0.28-a0-691-gad6df49e81 (webtiles) character file.

Game seed: 800361609196164300

15 Antediluvian the Shooter (level 2, 15/15 HPs)
             Began as a Spriggan Hunter on Oct 20, 2021.
             Quit the game on level 1 of the Dungeon.
             The game lasted 00:03:07 (451 turns).

Antediluvian the Shooter (Spriggan Hunter)           Turns: 451, Time: 00:03:08

Health: 15/15      AC:  2    Str:  8    XL:     2   Next: 34%
Magic:  3/3        EV: 17    Int: 12    God:
Gold:   32         SH:  0    Dex: 15    Spells: 1/1 levels left

rFire   . . .      SeeInvis +   a - +1 shortbow
rCold   . . .      Faith    .   (shield currently unavailable)
rNeg    . . .      Spirit   .   c - +0 robe
rPois   +          Reflect  .   (helmet restricted)
rElec   .          Harm     .   (no cloak)
rCorr   .          Rampage  .   (gloves unavailable)
Will    .....                   (boots unavailable)
Stlth   ++........              (no amulet)
HPRegen 0.05/turn               g - ring of poison resistance
MPRegen 0.08/turn               (no ring)

@: very quick
A: very small, no large weapons, unfitting armour, see invisible, speed 3
a: no special abilities


You were on level 1 of the Dungeon.
You visited 1 branch of the dungeon, and saw 1 of its levels.

You collected 32 gold pieces.

Inventory:

Hand Weapons
 a - a +1 shortbow (weapon)
 b - a +0 short sword
Missiles
 d - 20 arrows (quivered ammo)
Armour
 c - a +0 robe (worn)
Jewellery
 g - a ring of poison resistance (left hand)
Scrolls
 f - a scroll of identify {unknown}
Potions
 e - a potion of ambrosia {unknown}


   Skills:
 + Level 1.9 Fighting
 + Level 5.1 Bows
 + Level 3.2 Dodging
 - Level 1.5 Stealth


You had one spell level left.
You didn't know any spells.
Your spell library was empty.

Dungeon Overview and Level Annotations

Branches:
Dungeon (1/15)

Altars:

Shops:
D:1 !


Innate Abilities, Weirdness & Mutations

You are very small and have problems with some larger weapons.
You are too small for most types of armour.
You have supernaturally acute eyesight. (SInv)
You cover ground extremely quickly. (Speed+++)


Message History

Aim: a quokka (51% to hit)
You shoot an arrow. The arrow hits the quokka.
You kill the quokka!
d - 18 arrows (gained 1)
You see here a quokka corpse.
d - 19 arrows (gained 1)
d - 20 arrows (gained 1)
A ball python comes into view.
Found a stone staircase leading down.
Fire: 20 arrows
Press: ? - help, Q - select action Shift-Dir - straight line, f - ball python
Aim: a ball python (asleep, 98% to hit)
You shoot an arrow. The arrow hits the ball python!
You kill the ball python!
You now have enough gold to buy a potion of curing on this level.
You can access your shopping list by pressing '$'.
You now have 32 gold pieces (gained 5).
d - 20 arrows (gained 1)
A kobold comes into view. It is wielding a +0 dagger.
Fire: 20 arrows
Press: ? - help, Q - select action Shift-Dir - straight line, f - kobold
Aim: a kobold, wielding a +0 dagger and quivering stones (asleep, 98% to hit)
You shoot an arrow. The arrow hits the kobold!
You kill the kobold!
A frilled lizard comes into view.
Items here: (( ) †.
Okay, then.
Fire: 19 arrows
Press: ? - help, Q - select action Shift-Dir - straight line, f - frilled lizard
Aim: a frilled lizard (asleep, 98% to hit)
You shoot an arrow. The arrow hits the frilled lizard.
You kill the frilled lizard!
d - 19 arrows (gained 1)
Things that are here:
a +0 dagger; 3 stones; a kobold corpse
g - a ring of poison resistance
d - 20 arrows (gained 1)
You see here a frilled lizard corpse.
g - a ring of poison resistance (left hand) Are you sure you want to abandon this character and quit the game? (Confirm with "yes".)

#.............
#.............
#.............
######....#...
##....#.....
#######...........
#.....).#######.##
#.......# ...
#@....### ##
#.....# #.....#
#.....# #.....#
#######


There were no monsters in sight!

Vanquished Creatures
  2 endoplasms (D:1)
  A hobgoblin (D:1)
  3 jackals (D:1)
  A quokka (D:1)
  2 ball pythons (D:1)
  2 frilled lizards (D:1)
  A goblin (D:1)
  2 kobolds (D:1)
14 creatures vanquished.

Notes
Turn   | Place    | Note
-------+----------+-------------------------------------------
     0 | D:1      | Antediluvian the Spriggan Hunter began the quest for the
                  | Orb.
     0 | D:1      | Reached XP level 1. HP: 10/10 MP: 2/2
    18 | D:1      | Found a faded altar of an unknown god.
    47 | D:1      | Reached skill level 5 in Bows
    57 | D:1      | Found Woyg's Distillery.
   284 | D:1      | Reached XP level 2. HP: 15/15 MP: 3/3
   451 | D:1      | Quit the game

Illustrated notes

Levels and vault maps discovered:
D:1:      amcnicky_arrival_choice, layout_rooms,
          ebering_ecumenical_altar_petrified, serial_shops, nicolae_square_shop

Skill      XL: |  1 |
---------------+----+-----
Bows           | 5 |  5.1
Dodging        | 3 |  3.2
Fighting       | |  1.9
Stealth        | |  1.5

Action                   || total
-------------------------++-------
Melee: Short sword       ||     8
       Shortbow          ||     1
 Fire: Shortbow          ||    21
Armor: Robe              ||     1
Dodge: Dodged            ||    10

Table legend: (Time is in decaauts)
 A = Elapsed time spent in this place.
 B = Non-inter-level travel time spent in this place.
 C = Inter-level travel time spent in this place.
 D = Time resting spent in this place.
 E = Time spent auto-exploring this place.
 F = Levels seen in this place.
 G = Mean time per level.
                   A        B        C        D        E       F      G
               +--------+--------+--------+--------+--------+-----+--------+
         Total |    356 |    356 |      0 |      0 |    292 |   1 |  356.0 |
       Dungeon |    356 |    356 |      0 |      0 |    292 |   1 |  356.0 |
               +--------+--------+--------+--------+--------+-----+--------+

Top non-repeatable levels by time:
     D:1: 356 daAuts
